 Dungeon Crawl Stone Soup version 0.31-a0-232-gb1c03b2570 (webtiles) character file.

Game seed: 4098725161682895089

76 qw the Shooter (level 4, 0/26 HPs)
             Began as a Gargoyle Hexslinger on July 7, 2023.
             Slain by Pikel
             ... wielding a +0 whip of electrocution
              (7 damage)
             ... on level 4 of the Dungeon.
             The game lasted 00:00:42 (2129 turns).

qw the Shooter (Gargoyle Hexslinger)                Turns: 2129, Time: 00:00:42

Health: 0/26       AC:  9    Str: 18    XL:     4   Next: 32%
Magic:  5/5        EV: 11    Int: 13    God:
Gold:   48         SH:  0    Dex: 14    Spells: 4/5 levels left

rFire   . . .        Y - +3 sling
rCold   . . .        (no shield)
rNeg    + . .        k - +3 leather armour
rPois   inf          (no helmet)
rElec   +            (no cloak)
rCorr   .            (no gloves)
SInv    .            (no boots)
Will    .....        (no amulet)
Stlth   +            a - +6 ring of strength
HPRegen 0.24/turn    (no ring)
MPRegen 0.09/turn

%: no passive effects
@: no status effects
A: sickness immunity, AC +3, negative energy resistance 1, electricity
resistance, torment resistance 1, petrification resistance
a: no special abilities


You were on level 4 of the Dungeon.
You visited 1 branch of the dungeon, and saw 4 of its levels.

You collected 102 gold pieces.
You spent 54 gold pieces at shops.


Innate Abilities, Weirdness & Mutations

You are immune to sickness and miasma.
Your stone body is resilient. (AC +3)
You are immune to poison.
You resist negative energy. (rN+)
You are resistant to electric shocks. (rElec)
You are resistant to unholy torment.
You are immune to petrification.


   Skills:
 - Level 2.3 Fighting
 + Level 4.0 Ranged Weapons
 - Level 1.5 Dodging
 - Level 1.0 Spellcasting
 - Level 2.6 Hexes


You had 4 spell levels left.
You knew the following spells:

 Your Spells              Type           Power      Damage    Failure   Level
a - Slow                  Hex            28%        N/A       11%         1

Your spell library contained the following spells:

 Spells                   Type           Power      Damage    Failure   Level
 Inner Flame              Hex/Fire       4%         N/A       50%         3
 Portal Projectile        Hex/Tloc       8%         N/A       50%         3
 Cause Fear               Hex            3%         N/A       73%         4

Inventory:

Hand Weapons
 Y - a +3 sling (weapon)
Armour
 k - a +3 leather armour (worn)
Jewellery
 a - a +6 ring of strength (left hand)
 b - a ring of ice
Potions
 d - a potion of enlightenment {unknown}
 e - a potion of degeneration {unknown}
 f - 3 potions of curing
 g - a potion of might {unknown}

Dungeon Overview and Level Annotations

Branches:
Dungeon (4/15)
 Temple: D:4-7

Altars:
Cheibriados
Elyvilon

Shops:
D:3 [

Annotations:
D:4 Pikel


Message History

You shoot a sling bullet. The sling bullet hits the orc!
You kill the orc!
A lemure comes into view. x2
Your Ranged Weapons skill increases to level 4!
You shoot a sling bullet.
The sling bullet completely misses the lemure.
The lemure shouts!
You hear a shout!
A lemure comes into view.
You shoot a sling bullet.
The sling bullet barely misses the lemure.
Something unseen opens the door.
A lemure comes into view.
You shoot a sling bullet. The sling bullet hits the lemure.
The lemure is lightly wounded.
The lemure barely misses you.
You shoot a sling bullet. The sling bullet hits the lemure.
The lemure is moderately wounded.
The lemure barely misses you.
Pikel, Merchant of Souls comes into view.
He is wielding a +0 whip of electrocution and wearing a +2 robe of fire resistance.
The lemure hits you but does no damage.
You shoot a sling bullet. The sling bullet hits the lemure!
The lemure is severely wounded.
The lemure closely misses you. The lemure hits you but does no damage.
You shoot a sling bullet. The sling bullet hits the lemure.
The lemure is lightly wounded.
The lemure barely misses you. The lemure hits you.
The lemure hits you but does no damage. Pikel hits you but does no damage.
The lemure hits you! The lemure hits you but does no damage.
You shoot a sling bullet. The sling bullet hits the lemure.
The lemure is heavily wounded.
The lemure completely misses you. The lemure closely misses you.
Pikel says, "You'll freeze in Cocytus!"
Pikel closely misses you. The lemure barely misses you.
You shoot a sling bullet.
The sling bullet hits the lemure but does no damage.
The lemure is heavily wounded.
The lemure barely misses you. x2; The lemure hits you!
Pikel hits you with a +0 whip of electrocution!
You die...

..... .....
... ..#######
#......#
#......#
#..<...#
#.5....#
#@5....#
......5K#'####
.......5. ..
......#..) ...
......#....
..+
......#.....
.# ..$..
#...... #
..... #.......


You could see Pikel and 4 lemures.

Vanquished Creatures
  3 adders
  A worm (D:3)
  3 orcs
  6 ball pythons
  3 bats
  6 endoplasms
  A giant cockroach (D:1)
  3 goblins
  4 hobgoblins
  2 quokkas
  2 frilled lizards
  5 kobolds
  4 rats
43 creatures vanquished.

Notes
Turn   | Place    | Note
-------+----------+-------------------------------------------
     0 | D:1      | qw the Gargoyle Hexslinger began the quest for the Orb.
     0 | D:1      | Reached XP level 1. HP: 12/12 MP: 2/2
     0 | D:1      | 0 ||| qw: Version: 0.3-a-46-gb1f654a
     0 | D:1      | 0 ||| qw: Game counter: 2712
     0 | D:1      | 0 ||| qw: Melee chars always use a shield: true
     0 | D:1      | 0 ||| qw: God list: Okawaru
     0 | D:1      | 0 ||| qw: Allow faded altars: false
     0 | D:1      | 0 ||| qw: Do Orc after clearing Dungeon:15 true
     0 | D:1      | 0 ||| qw: Do second Lair branch before Depths: true
     0 | D:1      | 0 ||| qw: Lair rune preference: random
     0 | D:1      | 0 ||| qw: Goals: Normal
     0 | D:1      | 0 ||| PLANNING D:1-11
    64 | D:1      | 64 ||| READING scroll labelled WOITTO TIBA.
   182 | D:1      | Reached XP level 2. HP: 16/16 MP: 3/3
   363 | D:1      | Reached skill level 3 in Ranged Weapons
   787 | D:1      | 787 ||| READING scroll labelled PIPLITS YGHU.
   788 | D:1      | 788 ||| READING 2 scrolls labelled AHUBYLL CIOHU.
   789 | D:1      | 789 ||| DROPPING scroll of poison.
   790 | D:1      | 790 ||| DROPPING scroll of revelation.
   960 | D:2      | Reached XP level 3. HP: 21/21 MP: 4/4
   966 | D:2      | Found a snail-covered altar of Cheibriados.
  1527 | D:2      | 1527 ||| READING scroll labelled LYDITW BALEXOE.
  1528 | D:2      | 1528 ||| READING 2 scrolls labelled OROTIY XURGHIUV.
  1529 | D:2      | 1529 ||| DRINKING 2 silvery potions.
  1530 | D:2      | 1530 ||| DRINKING 2 fizzy silvery potions.
  1531 | D:2      | 1531 ||| DROPPING potion of invisibility.
  1532 | D:2      | 1532 ||| DROPPING scroll of blinking.
  1565 | D:3      | Found a white marble altar of Elyvilon.
  1667 | D:3      | Found Qirreoq's Antique Armour Shoppe.
  1677 | D:3      | 1677 ||| SHOPLISTING helmet (121 gold, have 65).
  1677 | D:3      | 1677 ||| BUYING leather armour (54 gold).
  1677 | D:3      | Bought a leather armour for 54 gold pieces
  1677 | D:3      | 1677 ||| SHOPLISTING pair of gloves (121 gold, have 11).
  1743 | D:3      | Found a faded altar of an unknown god.
  1897 | D:3      | Reached XP level 4. HP: 26/26 MP: 5/5
  2007 | D:3      | 2007 ||| READING scroll of enchant weapon.
  2007 | D:3      | 2007 ||| ENCHANTING +2 sling.
  2063 | D:3      | 2063 ||| UPGRADING to +0 leather armour.
  2073 | D:3      | 2073 ||| DROPPING +0 robe.
  2074 | D:3      | 2074 ||| UPGRADING to +3 leather armour.
  2084 | D:3      | 2084 ||| DROPPING +0 leather armour.
  2085 | D:3      | 2085 ||| UPGRADING to +6 ring of strength.
  2086 | D:3      | 2086 ||| READING scroll labelled BAVAUNK VEOM.
  2087 | D:3      | 2087 ||| READING scroll labelled ELY XEYTUJE.
  2088 | D:3      | 2088 ||| READING scroll labelled VOIX POAKUAMIJ.
  2121 | D:4      | Noticed a lemure
  2121 | D:4      | Noticed a lemure
  2122 | D:4      | Reached skill level 4 in Ranged Weapons
  2122 | D:4      | Noticed a lemure
  2123 | D:4      | Noticed a lemure
  2125 | D:4      | Noticed Pikel
  2129 | D:4      | Slain by Pikel

Levels and vault maps discovered:
D:1:      dpeg_arrival_water_fire, layout_basic, serial_bayou_lagoon_a,
          patterned_corridor
D:2:      minmay_door_path, layout_basic, basic_altar
D:3:      layout_rooms, elyvilon_altar_3, dreamdust_ecumenical_altar_statues,
          serial_shops, nicolae_shop_dealshenge, minmay_cupped
D:4:      layout_gridville, uniq_ijyb, uniq_pikel, uniq_blork_the_orc,
          uniq_eustachio

Skill      XL: |  1  2  3  4 |
---------------+-------------+-----
Ranged Weapons | 3 4 |  4.0
Fighting       | 2 |  2.3
Dodging        | |  1.5
Spellcasting   | |  1.0
Hexes          | |  2.6

Action                     |  1- 3 |  4- 6 || total
---------------------------+-------+-------++-------
   Fire: Sling             |    91 |    30 ||   121
    Use: Scroll            |     5 |     4 ||     9
         Potion            |     2 |       ||     2
 Armour: Robe              |     7 |    10 ||    17
         Leather armour    |       |     5 ||     5
  Dodge: Dodged            |    19 |    21 ||    40

Table legend:
 A = Non-vault XP
 B = Vault XP
 C = Vault XP percentage of total XP
 D = Non-vault monster count
 E = Vault monster count
 F = Vault count percentage of total count
                 A         B        C        D         E       F
            +---------+---------+-------+---------+---------+-------
      Total |     103 |       6 |   5.5 |      39 |       4 |   9.3
            +---------+---------+-------+---------+---------+-------
        D:1 |      23 |       0 |   0.0 |      13 |       0 |   0.0
        D:2 |      27 |       2 |   6.9 |       9 |       2 |  18.2
        D:3 |      50 |       4 |   7.4 |      16 |       2 |  11.1
        D:4 |       3 |       0 |   0.0 |       1 |       0 |   0.0
            +---------+---------+-------+---------+---------+-------
